AoeStats
← richarddf123

Arena

508968184Analyzed
3v3 RM · 6d ago on Sep 24, 2026· 49m 7s· 6 players
Game mode
Random Map
Map size
Normal (6 player)
Population
200
Speed
Normal
Resources
Standard
Victory
Conquest
Starting age
Dark Age
Ending age
Imperial Age
RankedLock teamsTeams togetherTeam positionsShared explorationLock speedFull tech treeHidden civsTurbo modeCheats
Victory
Defeat
🇨🇱 Celts · Chile
741
+16
🇲🇽 Franks · Mexico
736
+17
🇲🇽 Berbers · Mexico
732
+17
🇺🇸 Turks · United States
777
-38
🇺🇸 Franks · United States
757
-17
🇺🇸 Huns · United States
708
-15
JUNIORPLAYBOY
9:30 Feudal Age
10:30 Loom
11:28 Wheelbarrow
12:06 Double-Bit Axe
19:49 Castle Age
19:25 Gold Mining
19:16 Horse Collar
20:01 Stone Mining
21:32 Caravan
24:11 Hand Cart
24:51 Town Watch
28:05 Forging
27:44 Pikeman
28:10 Gambesons
28:11 Arson
31:21 Scale Mail Armor
31:59 Iron Casting
37:01 Imperial Age
34:35 Town Patrol
37:26 Heavy Scorpion
38:52 Ballistics
39:49 Chemistry
42:07 Furor Celtica
41:50 Halberdier
43:59 Siege Engineers
43:49 Fletching
45:02 Blast Furnace
44:18 Chain Mail Armor
48:37 Elite Woad Raider
Sir Corsario II
11:50 Feudal Age
14:45 Double-Bit Axe
14:45 Horse Collar
15:42 Bloodlines
19:53 Scale Barding Armor
19:59 Forging
23:48 Castle Age
22:27 Loom
25:11 Bow Saw
24:47 Light Cavalry
25:29 Husbandry
33:49 Chain Barding Armor
33:31 Padded Archer Armor
42:11 Imperial Age
40:03 Leather Archer Armor
39:39 Fletching
40:25 Iron Casting
43:41 Caravan
47:00 Conscription
46:05 Heavy Camel Rider
47:57 Plate Barding Armor
47:19 Bodkin Arrow
48:44 Elite Camel Archer
alangb_par
4:35 Loom
12:04 Feudal Age
12:36 Double-Bit Axe
21:05 Castle Age
19:08 Gold Mining
19:09 Stone Mining
22:03 Bow Saw
22:34 Gold Shaft Mining
24:13 Scale Barding Armor
33:56 Imperial Age
33:33 Chain Barding Armor
34:01 Cavalier
36:01 Chemistry
35:22 Ballistics
35:40 Plate Barding Armor
46:54 Paladin
xSmokePotx
3:33 Loom
9:06 Loom
12:12 Feudal Age
14:41 Wheelbarrow
13:54 Double-Bit Axe
14:04 Gold Mining
16:13 Arson
20:43 Castle Age
25:06 Bloodlines
44:32 Imperial Age
43:14 Bow Saw
Rat Meat Pizza
13:06 Feudal Age
14:00 Double-Bit Axe
13:58 Horse Collar
14:59 Wheelbarrow
16:32 Gold Mining
17:24 Stone Mining
22:13 Castle Age
24:17 Husbandry
24:32 Bloodlines
23:52 Pikeman
25:00 Heavy Plow
25:20 Bow Saw
25:35 Hand Cart
27:42 Gold Shaft Mining
28:48 Scale Barding Armor
28:44 Scale Mail Armor
28:36 Fletching
30:34 Chain Mail Armor
32:34 Chain Barding Armor
32:25 Forging
32:16 Padded Archer Armor
32:52 Bodkin Arrow
41:10 Imperial Age
38:28 Loom
38:29 Town Watch
41:17 Squires
41:02 Arson
42:16 Conscription
41:59 Marauders
41:37 Halberdier
43:39 Parthian Tactics
43:49 Caravan
43:54 Heavy Cavalry Archer
45:56 Chemistry
45:16 Ballistics
45:35 Plate Barding Armor
45:15 Leather Archer Armor
45:01 Bracer
45:36 Iron Casting
44:26 Cavalier
richarddf123
10:04 Feudal Age
8:38 Loom
20:12 Castle Age
19:15 Double-Bit Axe
20:14 Pikeman
34:46 Imperial Age
33:21 Bow Saw
35:29 Wheelbarrow
42:32 Chemistry
41:53 Ballistics
41:28 Murder Holes
40:59 Halberdier
42:34 Hand Cart
43:39 Husbandry
45:36 Fortified Wall
45:11 Cavalier
Connection lost

Rejoining the realm…

Still unreachable

The connection could not be restored.

Session expired

The server has moved on; the page needs a fresh start.